 Dungeon Crawl Stone Soup version 0.17-a0-1850-g688e747 (webtiles) character file.

29951 Goblin1989 the Spear-Bearer (level 13, -8/116 HPs)
             Began as a Minotaur Gladiator on Sept 18, 2015.
             Was a Believer of Fedhas.
             Mangled by a death yak (17 damage)
             ... on level 5 of the Lair of Beasts on Sept 19, 2015.
             The game lasted 01:22:33 (16634 turns).

Goblin1989 the Spear-Bearer (Minotaur Gladiator)   Turns: 16634, Time: 01:22:33

Health: -8/116     AC: 13    Str: 21    XL:     13   Next: 17%
Magic:  16/16      EV: 19    Int:  1    God:    Fedhas [**....]
Gold:   773        SH:  0    Dex: 19    Spells: 0 memorised, 12 levels left

rFire  . . .     SeeInvis +     j - +1 trident "Gashaaquin" {speed, rPois rN++ Int-4 Dex+4}
rCold  . . .     Clarity  .     u - +0 ring mail
rNeg   + + .     SustAt   .     (no shield)
rPois  +         Gourm    .     c - +0 hat
rElec  .         Spirit   .     X - +1 cloak
rCorr  .         Warding  .     w - +0 pair of gloves
rMut   .         Stasis   .     K - +1 pair of boots
MR     .....                    N - amulet of regeneration
Stlth  +.........               H - ring of flight
                                g - ring of see invisible

@: not resistant to hostile enchantments, very unstealthy
A: retaliatory headbutt, horns 2
a: Evolution, Sunlight, Renounce Religion, Evoke Flight


You were on level 5 of the Lair of Beasts.
You worshipped Fedhas.
Fedhas was pleased with you.
You were hungry.

You visited 3 branches of the dungeon, and saw 18 of its levels.

You collected 1080 gold pieces.
You spent 307 gold pieces at shops.

Inventory:

Hand weapons
 j - the +1 trident "Gashaaquin" (weapon) {speed, rPois rN++ Int-4 Dex+4}
   (You found it on level 11 of the Dungeon)

   Attacks with this weapon are significantly faster.
   It affects your intelligence (-4).
   It affects your dexterity (+4).
   It protects you from poison.
   It greatly protects you from negative energy.
Missiles
 d - 3 throwing nets (quivered)
 F - 3 tomahawks
 U - 2 javelins
Armour
 c - a +0 hat (worn)
 u - a +0 ring mail (worn)
 w - a +0 pair of gloves (worn)
 K - a +1 pair of boots (worn)
 X - a +1 cloak (worn)
Jewellery
 e - an uncursed amulet of clarity {unknown}
 g - a ring of see invisible (left hand)
 n - an uncursed ring of fire
 H - a ring of flight (right hand)
 N - an amulet of regeneration (around neck)
 Q - an uncursed amulet of warding {unknown}
 R - the ring "Gogoqam" {Fire rElec MP-9 Int-5 Slay+6}
   (You bought it in a shop on level 8 of the Dungeon)

   [ring of fire]

   It enhances your fire magic, and weakens your ice magic.
   It affects your intelligence (-5).
   It affects your accuracy and damage with ranged weapons and melee attacks
   (+6).
   It protects you from fire.
   It makes you vulnerable to cold.
   It insulates you from electricity.
   It affects your magic capacity (-9).
Magical devices
 B - a wand of disintegration (6)
 S - a wand of draining (9)
Scrolls
 a - a scroll of enchant armour
 f - 2 scrolls of random uselessness {unknown}
 i - a scroll of holy word {unknown}
 l - 4 scrolls of noise {unknown}
 m - 2 scrolls of blinking {unknown}
 o - a scroll of summoning {unknown}
 p - 2 scrolls of magic mapping {unknown}
 q - 5 scrolls of amnesia {unknown}
 t - 11 scrolls of teleportation
 v - a scroll of fear {unknown}
 x - 4 scrolls of enchant weapon {unknown}
 y - 2 scrolls of immolation {unknown}
 z - 6 scrolls of remove curse
 D - 2 scrolls of fog
 O - 4 scrolls of recharging {unknown}
 P - a scroll of torment {unknown}
Potions
 b - a potion of agility
 h - 2 potions of invisibility
 s - 3 potions of haste
 A - 2 potions of might
 E - a potion of ambrosia
 I - 3 potions of berserk rage
 J - a potion of degeneration {unknown}
 L - 3 potions of curing
 T - 2 potions of heal wounds {unknown}
 W - a potion of mutation {unknown}
 Z - a potion of lignification {unknown}
Miscellaneous
 V - a stone of tremors
Comestibles
 G - a slice of pizza
 M - 36 fruits
 Y - 12 bread rations


   Skills:
 - Level 11.5 Fighting
 + Level 13.3 Polearms
 - Level 11.2 Throwing
 - Level 8.5 Armour
 - Level 10.1 Dodging
 - Level 2.6 Invocations
 - Level 6.2 Evocations


You had 12 spell levels left.
You didn't know any spells.

Dungeon Overview and Level Annotations

Branches:
Dungeon (12/15)            Temple (1/1) D:5            Lair (5/8) D:11
    Orc (0/4) D:9
  Swamp: Lair:3-6    Shoals: Lair:3-6     Snake: Lair:3-6    Spider: Lair:3-6

Altars:
Ashenzari
Cheibriados
Dithmenos
Elyvilon
Fedhas
Gozag
Kikubaaqudgha
Makhleb
Nemelex Xobeh
Okawaru
Qazlal
Ru
Sif Muna
Trog
Vehumet
Xom
Yredelemnul
Zin
The Shining One

Shops:
D:5 ?   D:8 *   D:9 *


Innate Abilities, Weirdness & Mutations

You reflexively headbutt those who attack you in melee.
You have a pair of horns on your head.


Message History

The death yak gores you!!
* * * LOW HITPOINT WARNING * * *
You are too injured to fight recklessly!
You are too injured to fight recklessly!
You are too injured to fight recklessly!
You are too injured to fight recklessly!
You hit the death yak.
You headbutt the death yak, but do no damage.
The death yak is severely wounded.
Your wandering mushroom barely misses the death yak.
You hit the death yak.
The death yak is severely wounded.
The death yak misses you. You furiously retaliate!
You headbutt the death yak! The death yak gores you!!
* * * LOW HITPOINT WARNING * * *
Your wandering mushroom releases spores at the death yak.
The death yak is engulfed in a cloud of spores!
The death yak gores you!
You die...
Fedhas appreciates your contribution to the ecosystem.

.....# #.... .#...##
...#..###...##Y.P...#
...............Y...##
.....................
.............#P#P....
...........##### ...
.............# [
.........ff.##
........Y<@##
........fY.#
.............
............>..
...........###..#
...P.##.#..# ## .....
♣♣♣♣♣# .#


You could see 2 death yaks and 3 friendly wandering mushrooms.

Vanquished Creatures
  Josephine (D:12)
  3 death yaks
  A centaur warrior (D:11)
  2 hill giants
  A manticore (D:11)
  An ugly thing (D:12)
  2 griffons
  A cyclops (D:12)
  A necromancer (Lair:4)
  13 elephants
  2 centaur zombies (D:11)
  Joseph (D:7)
  Psyche (D:12)
  A gargoyle (D:11)
  2 black mambas
  2 spiny frogs (Lair:2)
  2 komodo dragons (Lair:3)
  2 trolls (D:11)
  3 blink frogs (Lair:3)
  Sigmund (D:6)
  A spriggan (D:7)
  2 deep elf magi
  22 yaks
  6 wolves (Lair:4)
  4 hippogriffs
  4 wraiths (D:12)
  A soldier ant (D:11)
  10 water moccasins
  A mottled dragon (D:12)
  Duvessa (D:6)
  An orc warrior (D:5)
  3 ice beasts
  5 black bears
  2 sky beasts (D:5)
  5 ogres
  2 porcupines
  3 phantoms
  3 crocodiles
  A wasp (D:10)
  5 centaurs
  A big kobold (D:11)
  17 giant frogs
  A wyvern zombie (D:9)
  A gnoll sergeant (D:5)
  Dowan (D:6)
  2 water moccasin skeletons
  3 scorpions
  8 wights
  8 killer bees
  3 electric eels
  5 crimson imps
  A lava snake (D:12)
  2 giant frog zombies
  A jelly (D:6)
  2 orc priests
  4 hounds
  4 centaur skeletons
  3 orc wizards (D:7)
  A giant frog skeleton (D:12)
  4 iguanas
  11 worker ants
  14 sheep
  A worker ant zombie (D:8)
  12 river rats (Lair:3)
  2 shadow imps
  13 adders
  9 gnolls
  An ooze (D:2)
  An adder zombie (D:6)
  A worm (D:3)
  An adder skeleton (D:4)
  3 giant geckos
  26 orcs
  3 ball pythons
  5 giant cockroaches
  5 goblins
  9 hobgoblins
  4 jackals (D:5)
  3 quokkas
  5 bats
  9 giant newts
  12 kobolds
  A quokka skeleton (D:5)
  10 rats
358 creatures vanquished.

Vanquished Creatures (collateral kills)
  Harold (D:11)
  4 elephants (Lair:2)
  A centaur skeleton (D:12)
  A basilisk (Lair:2)
  A black bear (D:9)
  A centaur (D:11)
  A wandering mushroom (D:12)
  A crocodile (D:11)
  2 wights (D:10)
  An iguana (Lair:3)
14 creatures vanquished.

Vanquished Creatures (others)
  12 wandering mushrooms
  A jackal skeleton (D:5)
  9 fungi
  7 plants
  229 toadstools
258 creatures vanquished.

Grand Total: 630 creatures vanquished

Notes
Turn   | Place    | Note
--------------------------------------------------------------
     0 | D:1      | Goblin1989 the Minotaur Gladiator began the quest for the Orb.
     0 | D:1      | Reached XP level 1. HP: 18/18 MP: 0/0
    22 | D:1      | Reached skill level 4 in Polearms
   104 | D:1      | Reached XP level 2. HP: 18/25 MP: 1/1
   734 | D:2      | Reached skill level 5 in Polearms
   873 | D:2      | Reached XP level 3. HP: 28/30 MP: 2/2
   905 | D:2      | Found a sacrificial altar of Ru.
  1657 | D:3      | Found a white marble altar of Elyvilon.
  1693 | D:4      | Reached skill level 6 in Polearms
  1693 | D:4      | Reached XP level 4. HP: 20/37 MP: 3/3
  1882 | D:4      | Noticed an ogre
  1892 | D:4      | Killed an ogre
  1892 | D:4      | Reached skill level 7 in Polearms
  1892 | D:4      | Reached XP level 5. HP: 42/42 MP: 4/4
  2599 | D:4      | Reached skill level 8 in Polearms
  2609 | D:4      | Found a shadowy altar of Dithmenos.
  2626 | D:4      | Reached XP level 6. HP: 27/50 MP: 5/5
  3323 | D:5      | Entered Level 5 of the Dungeon
  3324 | D:5      | Found Usiggont's Magic Scroll Boutique.
  3333 | D:5      | Bought a scroll of remove curse for 33 gold pieces
  3333 | D:5      | Bought a scroll of teleportation for 33 gold pieces
  3333 | D:5      | Bought a scroll of identify for 22 gold pieces
  3364 | D:5      | Reached skill level 9 in Polearms
  3637 | D:5      | Found a shadowy altar of Dithmenos.
  3642 | D:5      | Found an ancient bone altar of Kikubaaqudgha.
  3647 | D:5      | Found a glowing golden altar of the Shining One.
  3754 | D:5      | Reached XP level 7. HP: 56/56 MP: 6/6
  4043 | D:4      | Reached skill level 10 in Polearms
  4496 | D:5      | Found a staircase to the Ecumenical Temple.
  4508 | Temple   | Entered the Ecumenical Temple
  4717 | Temple   | Became a worshipper of Fedhas Madash
  4782 | D:5      | Reached skill level 5 in Fighting
  5142 | D:5      | Reached XP level 8. HP: 31/70 MP: 7/7
  6115 | D:6      | Noticed Sigmund
  6126 | D:6      | Killed Sigmund
  6162 | D:6      | Found an iron altar of Okawaru.
  6574 | D:6      | Noticed Dowan
  6576 | D:6      | Noticed Duvessa
  6602 | D:6      | Killed Duvessa
  6602 | D:6      | Reached skill level 10 in Fighting
  6650 | D:6      | Killed Dowan
  6888 | D:6      | Reached XP level 9. HP: 81/86 MP: 8/8
  7154 | D:7      | Reached skill level 11 in Fighting
  7409 | D:7      | Found a bloodstained altar of Trog.
  7502 | D:7      | Noticed Joseph
  7545 | D:8      | Acquired Fedhas's first power
  8071 | D:8      | Reached skill level 5 in Armour
  8101 | D:8      | Found Casmoclucu's Assorted Antiques.
  8140 | D:8      | Bought a transparent iron ring for 115 gold pieces
  8141 | D:8      | Lost intelligence.
  8141 | D:8      | Identified the ring "Gogoqam" {Fire rElec MP-9 Int-5 Slay+6} (You bought it in a shop on level 8 of the Dungeon)
  8330 | D:5      | Bought a scroll of enchant armour for 82 gold pieces
  8330 | D:5      | Bought a scroll of fog for 22 gold pieces
  8539 | D:7      | Killed Joseph
  8700 | D:9      | Found Zin's Purification Station.
  8701 | D:9      | Found a glowing silver altar of Zin.
  8905 | D:9      | Reached XP level 10. HP: 96/96 MP: 9/9
  9087 | D:9      | Found a staircase to the Orcish Mines.
  9229 | D:10     | Entered Level 10 of the Dungeon
  9355 | D:11     | Noticed a hill giant
  9390 | D:10     | Reached skill level 5 in Dodging
  9769 | D:10     | Acquired Fedhas's second power
 10243 | D:11     | Killed a hill giant
 10346 | D:11     | Noticed an elephant
 10453 | D:11     | Reached skill level 10 in Dodging
 10640 | D:11     | Killed an elephant
 10640 | D:11     | Reached XP level 11. HP: 92/102 MP: 10/10
 10757 | D:11     | Found a staircase to the Lair.
 10796 | D:11     | Noticed Harold
 10811 | D:11     | Noticed a centaur warrior
 10812 | D:11     | HP: 1/102 [centaur warrior/arrow (13)]
 10812 | D:11     | Killed Harold
 10812 | D:11     | Reached skill level 5 in Throwing
 11016 | D:11     | Killed a centaur warrior
 11053 | D:11     | Got a jewelled trident
 11054 | D:11     | Identified the cursed +1 trident "Gashaaquin" {speed, rPois rN++ Int-4 Dex+4} (You found it on level 11 of the Dungeon)
 11251 | D:11     | Noticed a manticore
 11271 | D:11     | Killed a manticore
 11345 | D:12     | Noticed Psyche
 11356 | D:12     | Killed Psyche
 12084 | D:12     | Noticed a hill giant
 12094 | D:12     | Killed a hill giant
 12094 | D:12     | Reached skill level 10 in Throwing
 12107 | D:12     | Noticed Josephine
 12140 | D:12     | Killed Josephine
 12140 | D:12     | Reached XP level 12. HP: 110/110 MP: 11/11
 12241 | Lair:1   | Entered Level 1 of the Lair of Beasts
 13177 | Lair:2   | Reached skill level 1 in Evocations
 13349 | Lair:2   | Reached skill level 5 in Evocations
 13519 | Lair:2   | Reached skill level 1 in Invocations
 14512 | Lair:3   | Lost intelligence.
 14974 | Lair:3   | Reached skill level 12 in Polearms
 15931 | Lair:4   | Reached XP level 13. HP: 106/116 MP: 16/16
 15997 | Lair:4   | Lost intelligence.
 16485 | Lair:5   | Reached skill level 13 in Polearms
 16634 | Lair:5   | Mangled by a death yak

Vault maps used:
D:1:      saegor_arrival_simple_f
D:2:      nicolae_ru_awakened_eye, columned_hall_lemuel
D:3:      nicolae_overflow_hidden_temple
D:4:      first_bread, serial_bayou, serial_bayou_pond_b, serial_bayou_ford_a,
          serial_bayou_crossing, serial_bayou_shore_a, grunt_dithmenos_smoke
D:5:      grunt_temple_overflow_diamond, minmay_temple_entry_poolview,
          serial_shops, nicolae_shop_crystal, lemuel_flame_loot_1
D:6:      lemuel_coloured_pillars_altar, minmay_gold_behind_fungi, uniq_duvessa,
          uniq_sigmund
D:7:      the_bakery, trog_ov_bears_minmay, uniq_joseph
D:8:      serial_shops, kennysheep_mini_moat, grunt_decor_fettered
D:9:      zin_purify, orc_0_dummy
D:11:     david_lair_generic, minmay_misc_feat_x, uniq_harold
D:12:     old_forge, kennysheep_pointless_box, uniq_psyche, uniq_josephine
Temple:   triangle_lava_temple_12
Lair:1:   minivault_26
Lair:2:   mu_elephants_graveyard, serial_bayou_shore_b
Lair:3:   grunt_forest_large_clearings, infiniplex_staircase_pool,
          grunt_megastairs_2
Lair:4:   pond_and_an_island_with_a_cottage
Lair:5:   nicolae_swamp_entry_splash_gauntlet, spider_nest_entry_rubble,
          special_room, st_stairs_9, patterned_corridor, uniq_nessos

Action                   |  1- 3 |  4- 6 |  7- 9 | 10-12 | 13-15 || total
-------------------------+-------+-------+-------+-------+-------++-------
Melee: Trident           |   102 |   131 |   106 |   762 |   112 ||  1213
       Spear             |       |       |   370 |   321 |       ||   691
 Fire: Blowgun           |     2 |     7 |     2 |       |       ||    11
Throw: Throwing net      |       |     1 |     2 |     3 |       ||     6
       Javelin           |       |       |       |     4 |       ||     4
       Tomahawk          |       |       |       |     4 |       ||     4
Invok: Evolution         |       |       |     1 |    15 |     2 ||    18
  Use: Scroll            |       |       |     7 |     5 |       ||    12
       Potion            |       |       |     4 |     1 |       ||     5
 Stab: Held in net/web   |       |     1 |     3 |       |       ||     4
       Sleeping          |       |     1 |       |     1 |       ||     2
       Confused          |       |       |     1 |     4 |     8 ||    13
       Distracted        |       |       |       |       |     1 ||     1
  Eat: Meat ration       |     1 |       |       |     2 |       ||     3
       Chunk             |       |     4 |     9 |     4 |       ||    17
       Beef jerky        |       |       |     3 |     1 |       ||     4
       Royal jelly       |       |       |     1 |       |       ||     1
       Pizza             |       |       |     1 |     2 |     2 ||     5
       Bread ration      |       |       |       |     2 |       ||     2
